 Dungeon Crawl Stone Soup version 0.21-a0-135-g8dc100c (webtiles) character file.

1436 Cecillian the Quickloader (level 9, 0/55 HPs)
             Began as a Kobold Hunter on July 17, 2017.
             Was a Believer of Okawaru.
             Engulfed by a cloud of freezing vapour (12 damage)
             ... on level 7 of the Dungeon.
             The game lasted 00:24:27 (10030 turns).

Cecillian the Quickloader (Kobold Hunter)          Turns: 10030, Time: 00:24:27

Health: 0/55       AC:  7    Str:  9    XL:     9   Next: 3%
Magic:  9/9        EV: 16    Int: 13    God:    Okawaru [**....]
Gold:   159        SH:  0    Dex: 16    Spells: 8/8 levels left

rFire    . . .     SeeInvis .   b - +0 short sword
rCold    . . .     Gourm    .   (shield restricted)
rNeg     . . .     Faith    .   i - +0 ring mail
rPois    +         Spirit   .   w - +0 helmet
rElec    .         Reflect  .   (no cloak)
rCorr    .         Harm     .   (no gloves)
MR       .....                  (no boots)
Stlth    +++.......             (no amulet)
HPRegen  0.18/turn              o - ring of stealth
MPRegen  0.11/turn              r - ring of poison resistance

@: no status effects
A: carnivore 3, inhibited regeneration, weak 1, MP-powered wands
a: Heroism, Renounce Religion


You were on level 7 of the Dungeon.
You worshipped Okawaru.
Okawaru was pleased with you.
You were completely stuffed.

You visited 1 branch of the dungeon, and saw 7 of its levels.

You collected 285 gold pieces.
You spent 126 gold pieces at shops.

Inventory:

Hand Weapons
 a - a +1 hand crossbow
 b - a +0 short sword (weapon)
 n - a +0 hunting sling
Missiles
 d - 8 bolts
 e - 147 stones (quivered)
 m - 49 poisoned needles
 z - 10 tomahawks
Armour
 i - a +0 ring mail (worn)
 w - a +0 helmet (worn)
Jewellery
 k - an uncursed ring of protection from cold
 o - a ring of stealth (left hand)
 r - a ring of poison resistance (right hand)
Wands
 u - a wand of disintegration (10/24)
Scrolls
 l - 3 scrolls of remove curse
 q - 3 scrolls of teleportation
 s - a scroll of blinking
 x - a scroll of noise {unknown}
 y - a scroll of fear
 B - a scroll of identify
Potions
 g - a potion of brilliance
 h - a potion of might
 j - 4 potions of curing
 p - 5 potions of flight {unknown}
 t - 2 potions of heal wounds
Books
 c - a book of Changes

   Spells                             Type                      Level
   a - Beastly Appendage              Transmutation                1
   b - Sticks to Snakes               Transmutation                2
   c - Spider Form                    Transmutation/Poison         3
   d - Ice Form                       Ice/Transmutation            4
   e - Blade Hands                    Transmutation                5
Comestibles
 f - 2 meat rations
 A - a royal jelly


   Skills:
 + Level 6.0 Fighting
 + Level 8.0 Crossbows
 + Level 3.9 Armour
 + Level 6.6 Dodging
 - Level 3.0 Stealth


You had 8 spell levels left.
You didn't know any spells.

Dungeon Overview and Level Annotations

Branches:
Dungeon (7/15)             Temple (0/1) D:4

Altars:
Ashenzari
Dithmenos
Kikubaaqudgha
Okawaru
Wu Jian
The Shining One

Shops:
D:4 *%

Annotations:
D:3 TrogTrogTrog's ghost, amateur MiGl
D:5 Cecillian's ghost, novice KoHu


Innate Abilities, Weirdness & Mutations

You are small and have problems with some larger weapons.
You are carnivorous and can eat meat at any time.
You do not regenerate when monsters are visible.
You are weak. (Str -2)
You expend magic power (3 MP) to strengthen your wands.


Message History

Really walk into a travel-excluded area? [Y]es or [N]o only, please.
Really walk into a travel-excluded area?
Okay, then.
You start resting.
All of the chunks of flesh in your inventory have rotted away.
The shadow imp spits at you.
The shadow imp grinds its teeth.
The shadow imp laughs crazily. x3
HP restored.
Really walk into a travel-excluded area?
There is an open door here.
Things that are here:
a robe; a dagger You are engulfed in freezing vapours.
You are engulfed in freezing vapours.
Ouch! That really hurt!
* * * LOW HITPOINT WARNING * * *
You are engulfed in freezing vapours.
You die...

,..#.* ##§#.#.#,* *,* *,
##.#%##**#####§#.#.#,* *,* *,
#.....,,,,...#.#.#.#,***,* *,
#....#######.#.#§#.#,,,,,* *,
)..........#.#.#§#.#.#**** *,
#....#.......#.#§#.#.#,,* *,
#....#.###.###.#§#.#.#,,********,
##.#........5#.#§#.#.#,,,,,,,,**,
#..........#.#%#@#.#.#,******,**,
........####.#}#§#...#,******,**,
........# #.#[#§8...#,,,,,,,,,,,
.#.#########.#!#.'..>#######*,***
.#...........#(#.8##........,,,,,
.#################..........,,***
..........................##****
.#######.....#####.####.##..,,,**
.# ####.....# #.# *...,.,,,,,


You could see a shadow imp.

Vanquished Creatures
  A water moccasin (D:4)
  2 sky beasts (D:6)
  An ice beast (D:6)
  An orc warrior (D:7)
  An ogre (D:4)
  A centaur (D:5)
  2 bullfrogs (D:6)
  4 howler monkeys
  2 orc priests
  A jelly (D:7)
  2 orc wizards
  An iguana (D:4)
  7 worker ants
  A hound zombie (D:6)
  3 adders
  3 shadow imps
  3 worms
  5 leopard geckos
  9 orcs
  9 bats
  7 giant cockroaches
  5 goblins
  6 hobgoblins
  18 jackals
  3 quokkas
  A ball python skeleton (D:5)
  3 frilled lizards
  4 kobolds
  A quokka skeleton (D:5)
  2 quokka zombies (D:5)
  7 rats
116 creatures vanquished.

Vanquished Creatures (others)
  An orc wizard (D:7)
1 creature vanquished.

Grand Total: 117 creatures vanquished

Notes
Turn   | Place    | Note
-------+----------+-------------------------------------------
     0 | D:1      | Cecillian the Kobold Hunter began the quest for the Orb.
     0 | D:1      | Reached XP level 1. HP: 12/12 MP: 1/1
   168 | D:1      | Reached XP level 2. HP: 16/18 MP: 2/2
   180 | D:1      | Reached skill level 5 in Crossbows
   509 | D:1      | Reached XP level 3. HP: 22/22 MP: 3/3
   923 | D:2      | Found an iron altar of Okawaru.
   948 | D:2      | Became a worshipper of Warmaster Okawaru
  1876 | D:3      | Noticed TrogTrogTrog's ghost (amateur MiGl)
  1881 | D:3      | Reached XP level 4. HP: 27/27 MP: 4/4
  2690 | D:3      | Found a glowing golden altar of the Shining One.
  2804 | D:4      | Reached XP level 5. HP: 25/32 MP: 5/5
  2822 | D:4      | Found Maucoist's Assorted Antiques.
  3079 | D:4      | Found a staircase to the Ecumenical Temple.
  3080 | D:4      | Found Zosoopt's Food Boutique.
  3106 | D:4      | Reached skill level 1 in Armour
  3270 | D:4      | Reached XP level 6. HP: 19/37 MP: 6/6
  3536 | D:4      | Reached skill level 6 in Crossbows
  4121 | D:4      | Bought a glowing blue potion for 20 gold pieces
  4121 | D:4      | Bought a lumpy puce potion for 20 gold pieces
  4121 | D:4      | Bought a fizzy blue potion for 20 gold pieces
  4121 | D:4      | Bought a fizzy coppery potion for 20 gold pieces
  4144 | D:5      | Entered Level 5 of the Dungeon
  4393 | D:5      | Found a shadowy altar of Dithmenos.
  4393 | D:5      | Found an ancient bone altar of Kikubaaqudgha.
  4497 | D:5      | Noticed Cecillian's ghost (novice KoHu)
  4567 | D:4      | Bought a scroll of identify for 46 gold pieces
  4598 | D:5      | Noticed a water moccasin
  4610 | D:4      | Killed a water moccasin
  4610 | D:4      | Reached XP level 7. HP: 25/43 MP: 7/7
  5080 | D:5      | Reached * piety under Okawaru
  5584 | D:5      | Reached skill level 5 in Dodging
  6899 | D:6      | Reached skill level 7 in Crossbows
  6899 | D:6      | Reached XP level 8. HP: 22/48 MP: 8/8
  6963 | D:6      | Gained mutation: You are weak. (Str -2) [mutagenic meat]
  6964 | D:6      | Gained mutation: You expend magic power (3 MP) to strengthen your wands. [mutagenic meat]
  6965 | D:6      | Gained mutation: You do not regenerate when monsters are visible. [mutagenic meat]
  6978 | D:6      | Reached skill level 5 in Fighting
  7281 | D:6      | Found a shattered altar of Ashenzari.
  8008 | D:7      | Found an ornate altar of the Wu Jian Council.
  9239 | D:6      | Reached ** piety under Okawaru
  9734 | D:6      | Reached XP level 9. HP: 41/55 MP: 9/9
  9821 | D:7      | Reached skill level 8 in Crossbows
 10030 | D:7      | Engulfed by a cloud of freezing vapour

Vault maps used:
D:1:      dpeg_arrival_tiny_g
D:2:      okawaru_gym_becter, minmay_crystal_room
D:3:      lemuel_coloured_pillars_altar
D:4:      minmay_temple_entry_large_hall, serial_shops, nicolae_shop_stone,
          kennysheep_mini
D:5:      amethyst_overflow_temple_binary, first_bread, serial_bayou_pond_e
D:6:      lemuel_crystal_altar
D:7:      lemuel_ice_spiral_2, lemuel_crystal_altar, basic_altar

Skill      XL: |  1  2  3  4  5  6  7  8  9 |
---------------+----------------------------+-----
Stealth        | 2 3 |  3.0
Crossbows      | 5 6 7 8 |  8.0
Dodging        | 3 4 5 6 |  6.6
Fighting       | 3 4 5 6 |  6.0
Armour         | 1 2 3 |  3.9

Action                   |  1- 3 |  4- 6 |  7- 9 || total
-------------------------+-------+-------+-------++-------
Melee: Short sword       |   131 |   123 |   205 ||   459
 Fire: Hand crossbow     |    10 |    44 |    94 ||   148
       Hunting sling     |       |    13 |    48 ||    61
Evoke: Wand              |       |       |     8 ||     8
  Use: Scroll            |     4 |     5 |     4 ||    13
       Potion            |       |       |     6 ||     6
 Stab: Sleeping          |     9 |     2 |     3 ||    14
       Distracted        |       |     1 |       ||     1
       Invisible         |       |       |     1 ||     1
  Eat: Chunk             |    12 |     8 |    20 ||    40
Armor: Leather armour    |    27 |    40 |     2 ||    69
       Ring mail         |       |       |    80 ||    80
Dodge: Dodged            |    95 |   154 |   263 ||   512
